 Dungeon Crawl Stone Soup version 0.29.0-4-gdea44cf6ec (webtiles) character file.

Game seed: 14558548309982318921

47464 qw the Severer (level 14, -10/125 (132) HPs)
             Began as a Minotaur Berserker on Sept 6, 2022.
             Was an Elder of Trog.
             Mangled by a molten gargoyle
             ... wielding a +2 mace of draining
              (11 damage)
             ... on level 5 of the Lair of Beasts.
             The game lasted 00:06:28 (19548 turns).

qw the Severer (Minotaur Berserker)                Turns: 19548, Time: 00:06:29

HP:   -10/125 (132) AC: 23    Str: 26    XL:     14   Next: 8%
MP:   28/31         EV:  8    Int:  6    God:    Trog [****..]
Gold: 1189          SH: 12    Dex: 11    Spells: 13/13 levels left

rFire   . . .      SeeInvis .   j - +1 broad axe "Mokhlaipn" {speed, Will++ MP+9}
rCold   . . .      Faith    .   i - +0 kite shield
rNeg    . . .      Spirit   .   o - +0 plate armour
rPois   .          Reflect  .   g - +1 hat
rElec   .          Harm     .   (no cloak)
rCorr   +          Rampage  .   d - +2 pair of gloves
Will    ++++.                   a - +2 pair of boots
Stlth   ..........              (no amulet)
HPRegen 0.30/turn               w - ring of Lugonu's Envy {Will+ rCorr MP+9 Int-4 Slay+5}
MPRegen 0.22/turn               s - +6 ring of intelligence

@: on berserk cooldown, slowed, drained, very slow
A: horns 2, retaliatory headbutt
a: Renounce Religion, Berserk, Trog's Hand, Brothers in Arms


You were on level 5 of the Lair of Beasts.
You worshipped Trog.
Trog was greatly pleased with you.
You visited 2 branches of the dungeon, and saw 16 of its levels.

You collected 1189 gold pieces.


Innate Abilities, Weirdness & Mutations

You have a pair of horns on your head.
You reflexively headbutt those who attack you in melee.


   Skills:
 - Level 14.1 Fighting
 + Level 17.0 Axes
 - Level 6.0 Throwing
 - Level 12.0 Armour
 - Level 5.2 Dodging
 - Level 13.9 Shields


You had 13 spell levels left.
You didn't know any spells.
Your spell library was empty.

Inventory:

Hand Weapons
 j - the +1 broad axe "Mokhlaipn" (weapon) {speed, Will++ MP+9}
   (You found it on level 4 of the Lair of Beasts)

   Attacks with this weapon are significantly faster.
   MP:        It affects your magic capacity (+9).
   Will:      It greatly increases your willpower.
 Y - a +2 war axe of flaming
Missiles
 k - 3 silver boomerangs (quivered)
 m - 10 boomerangs
Armour
 a - a +2 pair of boots (worn)
 d - a +2 pair of gloves (worn)
 g - a +1 hat (worn)
 i - a +0 kite shield (worn)
 o - a +0 plate armour (worn)
Jewellery
 q - a ring of fire
 s - a +6 ring of intelligence (right hand)
 u - a ring of protection from cold
 w - the ring of Lugonu's Envy (left hand) {Will+ rCorr MP+9 Int-4 Slay+5}
   (You found it on level 2 of the Lair of Beasts)

   [ring of resist corrosion]

   Int:       It affects your intelligence (-4).
   Slay:      It affects your accuracy & damage with ranged weapons and melee
   (+5).
   MP:        It affects your magic capacity (+9).
   rCorr:     It protects you from acid and corrosion.
   Will:      It increases your willpower.
Scrolls
 h - 4 scrolls of identify
Potions
 b - 2 potions of cancellation
 c - 2 potions of resistance
 e - a potion of might
 f - 8 potions of curing
 l - a potion of mutation
 p - a potion of heal wounds

Dungeon Overview and Level Annotations

Branches:
Dungeon (11/15)            Temple (0/1) D:4            Lair (5/5) D:11
  Swamp (0/4) Lair:2        Snake (0/4) Lair:3          Orc (0/2) D:9
  Slime: Lair:4-5

Altars:
Cheibriados
Fedhas
Gozag
Kikubaaqudgha

Shops:
D:11 *

Annotations:
D:2 1 runed translucent door, Crazy Yiuf
D:5 2 transporters
D:11 3 runed translucent doors, qw's ghost, journeyman GrBe


Message History

Your ogre misses the wind drake. You block the wind drake's attack.
You block the snapping turtle's attack.
You barely miss the wind drake. You headbutt the wind drake.
The wind drake is heavily wounded.
Your ogre closely misses the wind drake.
The wind drake exhales a fierce blast of wind!
You are blown backwards!
The snapping turtle bites your ogre.
Your ogre hits the wind drake with a +0 giant club!!!
The wind drake dies!
Trog accepts your kill.
The snapping turtle bites you from afar!
Your ogre rages.
The snapping turtle bites you from afar.
You hit the molten gargoyle. You headbutt the molten gargoyle!
The molten gargoyle is moderately damaged.
You slash the plant!
The plant begins to die.
The molten gargoyle blasts magma at you!
The bolt of magma hits you!
Your ogre hits the snapping turtle with a +0 giant club!!
The snapping turtle bites you but does no damage.
You barely miss the molten gargoyle.
You headbutt the molten gargoyle, but do no damage.
The molten gargoyle is moderately damaged.
You slash the plant! The rime drake breathes ice at you.
The flash freeze hits your ogre!!
Your ogre dies!
Your ogre's corpse disappears in a puff of smoke!
The molten gargoyle hits you with a +2 mace of draining!
You are engulfed in flames!
You feel drained. You block the snapping turtle's attack.
The snapping turtle bites you from afar!
19548 ||| DRINKING 2 potions of heal wounds.
You feel much better.
The molten gargoyle hits you with a +2 mace of draining!
You are engulfed in flames!
You feel drained.
The snapping turtle bites you but does no damage. x2
The molten gargoyle hits you with a +2 mace of draining!
You are engulfed in flames!
You die...

#~~ #~~..## ##..........
##~~##~....####...........
~~~~~~......#.#...........
~~~.~~...................
# #~##(....%..............
.~#~~~~...................
~P~~~~~..........#........
~#~~~¤k.......##.........
#~~#~t.@......#.h.......
#~ #.tP9..............
~~~~~................
~~~~~...............
.~~~~#...............
~~#~##~.............. ~ ~~
~~.#............ ~~
~~.##.....¤...........
~~....<....


You could see 2 snapping turtles, a rime drake (catching breath) and a molten
gargoyle.

Vanquished Creatures
  Gastronok (Lair:3)
  2 hydras
  A catoblepas (Lair:4)
  A two-headed ogre (D:11)
  9 death yaks
  3 skeletal warriors (D:11)
  A necromancer (Lair:3)
  A will-o-the-wisp (Lair:2)
  7 elephants
  A manticore (Lair:2)
  7 black mambas
  A guardian serpent (Lair:3)
  A gargoyle (D:11)
  10 cane toads
  5 rime drakes
  11 komodo dragons
  A queen bee (Lair:1)
  11 blink frogs
  3 hornets
  2 wraiths (D:11)
  10 wyverns
  29 yaks
  6 basilisks
  6 vampire mosquitoes (D:11)
  5 steam dragons
  Edmund (D:4)
  12 water moccasins
  Duvessa (D:7)
  2 ice beasts
  8 orc warriors
  4 sky beasts
  A black bear (Lair:4)
  2 elephant zombies (Lair:3)
  2 ogres
  8 wolves
  5 centaurs
  A komodo dragon zombie (Lair:3)
  3 phantoms
  2 kobold brigands (D:9)
  12 bullfrogs
  A necrophage (D:4)
  A gnoll sergeant (D:8)
  3 scorpions
  15 wights
  Dowan (D:7)
  43 killer bees
  A howler monkey (D:9)
  5 electric eels
  2 hounds
  5 jellies
  A basilisk zombie (Lair:3)
  10 orc priests
  19 orc wizards
  8 hell rats (Lair:3)
  3 iguanas
  4 gnolls (D:8)
  4 adders
  A white imp (D:6)
  2 worms
  3 dart slugs
  59 orcs
  4 bats
  9 endoplasms
  A giant cockroach (D:4)
  3 goblins
  6 hobgoblins
  A quokka (D:2)
  6 ball pythons
  3 frilled lizards
  23 kobolds
  4 rats
450 creatures vanquished.

Vanquished Creatures (collateral kills)
  A hydra (Lair:5)
  Urug (D:10)
  Nergalle (D:10)
  Joseph (D:10)
  A troll (D:10)
  A wind drake (Lair:5)
  A wyvern (Lair:5)
  A yak (D:10)
  An orc priest (D:10)
  An orc wizard (D:10)
  6 orcs (D:10)
16 creatures vanquished.

Vanquished Creatures (others)
  A polar bear (Lair:5)
  6 foxfires (Lair:2)
  22 fungi
  48 plants
77 creatures vanquished.

Grand Total: 543 creatures vanquished

Notes
Turn   | Place    | Note
-------+----------+-------------------------------------------
     0 | D:1      | qw the Minotaur Berserker began the quest for the Orb.
     0 | D:1      | Reached XP level 1. HP: 19/19 MP: 0/0
     0 | D:1      | 0 ||| qw: Version: 0.1-a-107-g9ff403c
     0 | D:1      | 0 ||| qw: Game counter: 6045
     0 | D:1      | 0 ||| qw: Always use a shield: true
     0 | D:1      | 0 ||| qw: Do Orc after D:15 true
     0 | D:1      | 0 ||| qw: Do second Lair branch before Depths: true
     0 | D:1      | 0 ||| qw: Lair rune preference: random
     0 | D:1      | 0 ||| qw: Plans: Normal
     0 | D:1      | 0 ||| PLANNING D:1-11
   289 | D:1      | Reached skill level 4 in Axes
   369 | D:1      | Reached XP level 2. HP: 18/26 MP: 1/1
   414 | D:1      | 414 ||| Stepping ~*~*~tactically~*~*~ (stealth).
   701 | D:1      | 701 ||| READING scroll labelled SIESEFFOUDD.
   702 | D:1      | 702 ||| READING 3 scrolls labelled IMAROM LA ARUM.
   703 | D:1      | 703 ||| DRINKING 2 fuming puce potions.
   704 | D:1      | 704 ||| DRINKING 2 fuming grey potions.
   705 | D:1      | 705 ||| READING 2 scrolls of identify.
   705 | D:1      | 705 ||| IDENTIFYING fuming golden potion
   706 | D:1      | 706 ||| DROPPING potion of degeneration.
  1131 | D:2      | Found a faded altar of an unknown god.
  1156 | D:2      | 1156 ||| Stepping ~*~*~tactically~*~*~ (stealth).
  1157 | D:2      | 1157 ||| Stepping ~*~*~tactically~*~*~ (stealth).
  1165 | D:2      | 1165 ||| INVOKING Berserk.
  1168 | D:2      | Reached skill level 5 in Axes
  1275 | D:2      | Reached XP level 3. HP: 31/31 MP: 2/2
  1308 | D:2      | Reached ** piety under Trog
  1315 | D:2      | 1315 ||| DROPPING +0 club.
  1499 | D:2      | Found a runed translucent door.
  1500 | D:2      | Noticed Crazy Yiuf
  1661 | D:2      | 1661 ||| UPGRADING to +0 pair of boots.
  1666 | D:2      | 1666 ||| UPGRADING to +1 robe of cold resistance.
  1676 | D:2      | 1676 ||| DROPPING +0 animal skin.
  2244 | D:3      | Reached skill level 6 in Axes
  2244 | D:3      | Reached XP level 4. HP: 39/39 MP: 3/3
  2455 | D:3      | 2455 ||| DROPPING amulet of magic regeneration.
  2456 | D:3      | 2456 ||| READING scroll labelled EBLIFI SAOCS.
  2457 | D:3      | 2457 ||| READING scroll labelled OXUERR MUFA.
  2457 | D:3      | Identified a scroll of acquirement
  2457 | D:3      | 2457 ||| ACQUIRING +1 antimagic war axe
  2457 | D:3      | Acquired a +1 antimagic war axe
  2459 | D:3      | 2459 ||| SWAPPING to +1 antimagic war axe.
  2460 | D:3      | 2460 ||| DROPPING +0 hand axe.
  2461 | D:3      | 2461 ||| READING scroll labelled ASSYIQ BAELI.
  2462 | D:3      | 2462 ||| READING scroll labelled WETHIA UT DOGH.
  2463 | D:3      | 2463 ||| READING scroll labelled COYTHR NUSA.
  2466 | D:3      | 2466 ||| READING 2 scrolls of identify.
  2466 | D:3      | 2466 ||| IDENTIFYING golden potion
  2471 | D:4      | Found a staircase to the Ecumenical Temple.
  2472 | D:4      | 2472 ||| Stepping ~*~*~tactically~*~*~ (hiding).
  2475 | D:4      | 2475 ||| INVOKING Berserk.
  2630 | D:4      | 2630 ||| Stepping ~*~*~tactically~*~*~ (stealth).
  2632 | D:4      | 2632 ||| Stepping ~*~*~tactically~*~*~ (stealth).
  2635 | D:4      | 2635 ||| Stepping ~*~*~tactically~*~*~ (hiding).
  2848 | D:4      | Noticed a bullfrog
  2848 | D:4      | Noticed a phantom
  2855 | D:4      | Killed a bullfrog
  2856 | D:4      | Reached skill level 7 in Axes
  2856 | D:4      | Reached XP level 5. HP: 35/45 MP: 1/4
  2856 | D:4      | Killed a phantom
  2949 | D:4      | 2949 ||| Stepping ~*~*~tactically~*~*~ (stealth).
  2996 | D:4      | 2996 ||| Stepping ~*~*~tactically~*~*~ (stealth).
  2998 | D:4      | Reached XP level 6. HP: 55/55 MP: 1/5
  2999 | D:4      | 2999 ||| Stepping ~*~*~tactically~*~*~ (stealth).
  3000 | D:4      | 3000 ||| Stepping ~*~*~tactically~*~*~ (stealth).
  3002 | D:4      | 3002 ||| Stepping ~*~*~tactically~*~*~ (hiding).
  3034 | D:4      | 3034 ||| Stepping ~*~*~tactically~*~*~ (stealth).
  3259 | D:4      | Noticed Edmund
  3261 | D:4      | 3261 ||| INVOKING Berserk.
  3263 | D:4      | Killed Edmund
  3375 | D:4      | Reached skill level 8 in Axes
  3375 | D:4      | Reached XP level 7. HP: 60/60 MP: 2/6
  3443 | D:4      | 3443 ||| DROPPING +0 whip.
  3444 | D:4      | 3444 ||| UPGRADING to +0 scale mail.
  3454 | D:4      | 3454 ||| DROPPING +1 robe of cold resistance.
  3455 | D:4      | 3455 ||| UPGRADING to +0 chain mail.
  3465 | D:4      | 3465 ||| DROPPING +0 scale mail.
  3466 | D:4      | 3466 ||| DROPPING +0 leather armour.
  3467 | D:4      | 3467 ||| READING scroll labelled VEESSUZ IRYDWE.
  3468 | D:4      | 3468 ||| READING 2 scrolls of identify.
  3468 | D:4      | 3468 ||| IDENTIFYING bubbling silvery potion
  3469 | D:4      | 3469 ||| DROPPING potion of flight.
  3499 | D:5      | Entered Level 5 of the Dungeon
  3531 | D:5      | 3531 ||| Stepping ~*~*~tactically~*~*~ (hiding).
  3540 | D:5      | Reached skill level 9 in Axes
  3621 | D:5      | Found a transporter.
  3802 | D:5      | 3802 ||| INVOKING Berserk.
  3804 | D:5      | Reached skill level 3 in Armour
  3935 | D:5      | 3935 ||| Stepping ~*~*~tactically~*~*~ (stealth).
  4049 | D:5      | Reached skill level 10 in Axes
  4137 | D:5      | Found a transporter.
  4246 | D:5      | 4246 ||| UPGRADING to +2 pair of gloves.
  4251 | D:5      | 4251 ||| DRINKING 2 murky black potions.
  4252 | D:5      | 4252 ||| READING 2 scrolls of identify.
  4252 | D:5      | 4252 ||| IDENTIFYING smoky silvery potion
  4296 | D:6      | 4296 ||| STAIRDANCE
  4301 | D:6      | 4301 ||| STAIRDANCE
  4343 | D:6      | 4343 ||| Stepping ~*~*~tactically~*~*~ (stealth).
  4345 | D:6      | 4345 ||| Stepping ~*~*~tactically~*~*~ (hiding).
  4346 | D:6      | 4346 ||| Stepping ~*~*~tactically~*~*~ (hiding).
  4354 | D:6      | Reached XP level 8. HP: 64/68 MP: 2/7
  4388 | D:6      | Reached *** piety under Trog
  4392 | D:6      | 4392 ||| INVOKING Berserk.
  4398 | D:6      | Reached skill level 6 in Fighting
  4717 | D:6      | 4717 ||| Stepping ~*~*~tactically~*~*~ (hiding).
  4789 | D:6      | 4789 ||| Stepping ~*~*~tactically~*~*~ (stealth).
  4793 | D:6      | Reached skill level 11 in Axes
  4794 | D:6      | 4794 ||| Stepping ~*~*~tactically~*~*~ (hiding).
  4995 | D:6      | 4995 ||| DROPPING +1 whip of venom.
  5015 | D:6      | Found an opulent altar of Gozag.
  5061 | D:6      | 5061 ||| Stepping ~*~*~tactically~*~*~ (stealth).
  5063 | D:6      | 5063 ||| Stepping ~*~*~tactically~*~*~ (hiding).
  5064 | D:6      | 5064 ||| Stepping ~*~*~tactically~*~*~ (hiding).
  5188 | D:6      | Found a blossoming altar of Fedhas.
  5244 | D:6      | 5244 ||| UPGRADING to +0 plate armour.
  5254 | D:6      | 5254 ||| DROPPING +0 chain mail.
  5255 | D:6      | 5255 ||| READING scroll labelled OPHAHE EBATU.
  5414 | D:6      | 5414 ||| READING 2 scrolls labelled HOVIMA SEAZ.
  5415 | D:6      | 5415 ||| DRINKING 2 blue potions.
  5416 | D:6      | 5416 ||| READING 2 scrolls of identify.
  5416 | D:6      | 5416 ||| IDENTIFYING amethyst potion
  5417 | D:6      | 5417 ||| DROPPING potion of brilliance.
  5418 | D:6      | 5418 ||| DROPPING scroll of butterflies.
  5419 | D:6      | 5419 ||| DROPPING potion of invisibility.
  5483 | D:7      | Found an ancient bone altar of Kikubaaqudgha.
  5490 | D:7      | 5490 ||| INVOKING Berserk.
  5640 | D:7      | 5640 ||| INVOKING Berserk.
  5652 | D:7      | Reached skill level 12 in Axes
  5656 | D:7      | Reached XP level 9. HP: 75/75 MP: 2/8
  5713 | D:7      | Noticed Duvessa
  5717 | D:7      | 5717 ||| INVOKING Berserk.
  5719 | D:7      | Noticed Dowan
  5721 | D:7      | Killed Duvessa
  5722 | D:7      | Reached skill level 6 in Armour
  5730 | D:7      | Killed Dowan
  5760 | D:7      | 5760 ||| FLEEEEING.
  5761 | D:7      | 5761 ||| FLEEEEING.
  5762 | D:7      | 5762 ||| FLEEEEING.
  5763 | D:7      | 5763 ||| FLEEEEING.
  5765 | D:7      | 5765 ||| FLEEEEING.
  5771 | D:7      | 5771 ||| STAIRDANCE
  5808 | D:6      | 5808 ||| READING scroll labelled QOSOLU XICW.
  5844 | D:7      | 5844 ||| Stepping ~*~*~tactically~*~*~ (stealth).
  5853 | D:7      | 5853 ||| Stepping ~*~*~tactically~*~*~ (stealth).
  5854 | D:7      | 5854 ||| Stepping ~*~*~tactically~*~*~ (stealth).
  5855 | D:7      | 5855 ||| Stepping ~*~*~tactically~*~*~ (stealth).
  5966 | D:7      | 5966 ||| Stepping ~*~*~tactically~*~*~ (stealth).
  6005 | D:7      | 6005 ||| INVOKING Berserk.
  6007 | D:7      | Reached **** piety under Trog
  6008 | D:7      | Reached skill level 13 in Axes
  6116 | D:7      | 6116 ||| DROPPING +0 flail.
  6126 | D:7      | Reached skill level 3 in Throwing
  6169 | D:7      | 6169 ||| Stepping ~*~*~tactically~*~*~ (hiding).
  6461 | D:7      | 6461 ||| INVOKING Berserk.
  6758 | D:7      | 6758 ||| READING scroll labelled POFEWN JELIEMI.
  6759 | D:7      | 6759 ||| READING 2 scrolls of identify.
  6759 | D:7      | 6759 ||| IDENTIFYING cyan potion
  6760 | D:7      | 6760 ||| DROPPING potion of attraction.
  6761 | D:7      | 6761 ||| READING 2 scrolls of teleportation.
  6988 | D:8      | 6988 ||| Stepping ~*~*~tactically~*~*~ (hiding).
  7127 | D:8      | 7127 ||| Stepping ~*~*~tactically~*~*~ (hiding).
  7128 | D:8      | 7128 ||| Stepping ~*~*~tactically~*~*~ (hiding).
  7132 | D:8      | 7132 ||| INVOKING Berserk.
  7141 | D:8      | 7141 ||| FLEEEEING.
  7172 | D:8      | 7172 ||| DROPPING +2 vorpal flail.
  7305 | D:8      | 7305 ||| Stepping ~*~*~tactically~*~*~ (hiding).
  7316 | D:8      | Reached XP level 10. HP: 76/88 MP: 3/9
  7385 | D:8      | Found a snail-covered altar of Cheibriados.
  7614 | D:8      | 7614 ||| UPGRADING to +0 kite shield.
  7619 | D:8      | 7619 ||| DROPPING ring of flight.
  7620 | D:8      | 7620 ||| READING scroll labelled SUD WEUSSU.
  7675 | D:8      | 7675 ||| READING 2 scrolls of identify.
  7675 | D:8      | 7675 ||| IDENTIFYING fizzy cyan potion
  7700 | D:9      | Found a staircase to the Orcish Mines.
  7727 | D:9      | Reached skill level 1 in Shields
  7814 | D:9      | 7814 ||| Stepping ~*~*~tactically~*~*~ (hiding).
  7815 | D:9      | 7815 ||| Stepping ~*~*~tactically~*~*~ (hiding).
  7850 | D:9      | 7850 ||| DROPPING +4 vorpal flail.
  7853 | D:9      | 7853 ||| READING scroll of enchant armour.
  7853 | D:9      | 7853 ||| ENCHANTING +0 pair of boots.
  7906 | D:9      | 7906 ||| INVOKING Berserk.
  7909 | D:9      | Reached skill level 3 in Shields
  8370 | D:9      | 8370 ||| Stepping ~*~*~tactically~*~*~ (stealth).
  8373 | D:9      | 8373 ||| Stepping ~*~*~tactically~*~*~ (stealth).
  8379 | D:9      | 8379 ||| Stepping ~*~*~tactically~*~*~ (stealth).
  8384 | D:9      | 8384 ||| Stepping ~*~*~tactically~*~*~ (stealth).
  8385 | D:9      | 8385 ||| Stepping ~*~*~tactically~*~*~ (stealth).
  8399 | D:9      | 8399 ||| FLEEEEING.
  8400 | D:9      | 8400 ||| FLEEEEING.
  8401 | D:9      | 8401 ||| FLEEEEING.
  8402 | D:9      | 8402 ||| FLEEEEING.
  8403 | D:9      | 8403 ||| FLEEEEING.
  8404 | D:9      | 8404 ||| FLEEEEING.
  8405 | D:9      | 8405 ||| FLEEEEING.
  8406 | D:9      | 8406 ||| FLEEEEING.
  8407 | D:9      | 8407 ||| FLEEEEING.
  8408 | D:9      | 8408 ||| FLEEEEING.
  8409 | D:9      | 8409 ||| FLEEEEING.
  8410 | D:9      | 8410 ||| FLEEEEING.
  8411 | D:9      | 8411 ||| FLEEEEING.
  8412 | D:9      | 8412 ||| FLEEEEING.
  8413 | D:9      | 8413 ||| FLEEEEING.
  8414 | D:9      | 8414 ||| FLEEEEING.
  8415 | D:9      | 8415 ||| FLEEEEING.
  8416 | D:9      | 8416 ||| FLEEEEING.
  8417 | D:9      | 8417 ||| FLEEEEING.
  8418 | D:9      | 8418 ||| FLEEEEING.
  8419 | D:9      | 8419 ||| FLEEEEING.
  8420 | D:9      | 8420 ||| FLEEEEING.
  8421 | D:9      | 8421 ||| FLEEEEING.
  8422 | D:9      | 8422 ||| FLEEEEING.
  8423 | D:9      | 8423 ||| FLEEEEING.
  8424 | D:9      | 8424 ||| STAIRDANCE
  8466 | D:8      | 8466 ||| READING scroll labelled OCYTANEORCH.
  8467 | D:8      | 8467 ||| READING 2 scrolls of identify.
  8467 | D:8      | 8467 ||| IDENTIFYING black potion
  8468 | D:8      | 8468 ||| DROPPING potion of berserk rage.
  8515 | D:9      | Paralysed by a hornet for 1 turns
  8520 | D:9      | 8520 ||| FLEEEEING.
  8521 | D:9      | 8521 ||| FLEEEEING.
  8537 | D:9      | 8537 ||| INVOKING Berserk.
  8551 | D:9      | Reached ***** piety under Trog
  8555 | D:9      | 8555 ||| DRINKING 5 potions of curing.
  8555 | D:9      | 8555 ||| (to cure confusion)
  8563 | D:9      | Reached skill level 6 in Shields
  8887 | D:10     | Entered Level 10 of the Dungeon
  8892 | D:10     | 8892 ||| Stepping ~*~*~tactically~*~*~ (hiding).
  8912 | D:10     | 8912 ||| INVOKING Berserk.
  8937 | D:10     | 8937 ||| INVOKING Brothers in Arms.
  9056 | D:10     | 9056 ||| Stepping ~*~*~tactically~*~*~ (stealth).
  9081 | D:10     | 9081 ||| Stepping ~*~*~tactically~*~*~ (stealth).
  9088 | D:10     | 9088 ||| INVOKING Berserk.
  9096 | D:10     | 9096 ||| Stepping ~*~*~tactically~*~*~ (stealth).
  9175 | D:10     | 9175 ||| Stepping ~*~*~tactically~*~*~ (stealth).
  9194 | D:10     | 9194 ||| Stepping ~*~*~tactically~*~*~ (stealth).
  9196 | D:10     | Noticed Urug
  9197 | D:10     | 9197 ||| INVOKING Brothers in Arms.
  9201 | D:10     | 9201 ||| INVOKING Berserk.
  9204 | D:10     | Killed Urug
  9205 | D:10     | Reached skill level 9 in Shields
  9210 | D:10     | Reached skill level 14 in Axes
  9221 | D:10     | Noticed Joseph
  9222 | D:10     | Noticed Nergalle
  9225 | D:10     | Killed Joseph
  9226 | D:10     | Reached XP level 11. HP: 90/94 MP: 10/10
  9226 | D:10     | 9226 ||| INVOKING Brothers in Arms.
  9228 | D:10     | Killed Nergalle
  9636 | D:10     | 9636 ||| READING scroll labelled BACSOWN MOHA.
  9643 | D:11     | Noticed a two-headed ogre
  9647 | D:11     | 9647 ||| INVOKING Berserk.
  9650 | D:11     | Killed a two-headed ogre
  9651 | D:11     | Reached skill level 15 in Axes
  9817 | D:11     | 9817 ||| INVOKING Berserk.
 10135 | D:11     | Reached skill level 9 in Fighting
 10136 | D:11     | Noticed a five-headed hydra
 10137 | D:11     | 10137 ||| INVOKING Brothers in Arms.
 10142 | D:11     | 10142 ||| SWAPPING to +0 morningstar.
 10143 | D:11     | 10143 ||| INVOKING Berserk.
 10146 | D:11     | Reached skill level 3 in Dodging
 10150 | D:11     | HP: 32/145 [five-headed hydra (5)]
 10151 | D:11     | Killed a five-headed hydra
 10429 | D:11     | 10429 ||| SWAPPING to +2 war axe of electrocution.
 10450 | D:11     | Found a runed translucent gate.
 10450 | D:11     | Found a runed translucent gate.
 10450 | D:11     | Found a runed translucent gate.
 10451 | D:11     | Found an opulent altar of Gozag.
 10454 | D:11     | Noticed a skeletal warrior
 10455 | D:11     | 10455 ||| Stepping ~*~*~tactically~*~*~ (hiding).
 10460 | D:11     | 10460 ||| INVOKING Berserk.
 10462 | D:11     | Noticed a skeletal warrior
 10463 | D:11     | Killed a skeletal warrior
 10464 | D:11     | Noticed a skeletal warrior
 10467 | D:11     | Killed a skeletal warrior
 10469 | D:11     | Killed a skeletal warrior
 10606 | D:11     | Found Sunea's Assorted Antiques.
 10608 | D:11     | Noticed qw's ghost (journeyman GrBe)
 10609 | D:11     | Noticed a death knight
 10768 | D:11     | Noticed a death yak
 10768 | D:11     | Noticed a death yak
 10771 | D:11     | Noticed a death yak
 10772 | D:11     | 10772 ||| INVOKING Berserk.
 10775 | D:11     | Killed a death yak
 10776 | D:11     | Reached skill level 16 in Axes
 10778 | D:11     | Killed a death yak
 10786 | D:11     | Killed a death yak
 10888 | D:11     | Found a staircase to the Lair.
 11045 | D:11     | 11045 ||| Stepping ~*~*~tactically~*~*~ (stealth).
 11202 | D:11     | 11202 ||| PLANNING LAIR
 11202 | D:11     | 11202 ||| READING scroll labelled YTUTOU LENYSM.
 11247 | Lair:1   | Entered Level 1 of the Lair of Beasts
 11256 | Lair:1   | 11256 ||| INVOKING Berserk.
 11416 | Lair:1   | 11416 ||| INVOKING Berserk.
 11419 | Lair:1   | Reached XP level 12. HP: 106/106 MP: 11/11
 11606 | Lair:1   | 11606 ||| INVOKING Berserk.
 11745 | Lair:1   | 11745 ||| READING scroll of enchant armour.
 11745 | Lair:1   | 11745 ||| ENCHANTING +1 pair of boots.
 11774 | Lair:1   | Reached skill level 9 in Armour
 11880 | Lair:1   | 11880 ||| Stepping ~*~*~tactically~*~*~ (hiding).
 11882 | Lair:1   | 11882 ||| Stepping ~*~*~tactically~*~*~ (hiding).
 11884 | Lair:1   | 11884 ||| Stepping ~*~*~tactically~*~*~ (hiding).
 11885 | Lair:1   | 11885 ||| Stepping ~*~*~tactically~*~*~ (hiding).
 11887 | Lair:1   | 11887 ||| INVOKING Berserk.
 12135 | Lair:1   | 12135 ||| Stepping ~*~*~tactically~*~*~ (stealth).
 12144 | Lair:1   | 12144 ||| INVOKING Berserk.
 12594 | Lair:1   | 12594 ||| Stepping ~*~*~tactically~*~*~ (stealth).
 12617 | Lair:1   | 12617 ||| INVOKING Berserk.
 12843 | Lair:1   | 12843 ||| Stepping ~*~*~tactically~*~*~ (hiding).
 12844 | Lair:1   | 12844 ||| Stepping ~*~*~tactically~*~*~ (hiding).
 12845 | Lair:1   | 12845 ||| Stepping ~*~*~tactically~*~*~ (hiding).
 13103 | Lair:1   | 13103 ||| UPGRADING to ring of protection from cold.
 13146 | Lair:2   | 13146 ||| INVOKING Berserk.
 13356 | Lair:2   | Found the +8 trident of the Octopus King {venom, rElec
                  | rPois}
 13388 | Lair:2   | 13388 ||| INVOKING Berserk.
 13455 | Lair:2   | Found a staircase to the Swamp.
 13459 | Lair:2   | 13459 ||| FLEEEEING.
 13460 | Lair:2   | 13460 ||| FLEEEEING.
 13461 | Lair:2   | 13461 ||| FLEEEEING.
 13759 | Lair:2   | Reached skill level 12 in Shields
 13769 | Lair:2   | 13769 ||| Stepping ~*~*~tactically~*~*~ (stealth).
 13771 | Lair:2   | 13771 ||| Stepping ~*~*~tactically~*~*~ (stealth).
 13773 | Lair:2   | 13773 ||| Stepping ~*~*~tactically~*~*~ (stealth).
 13776 | Lair:2   | 13776 ||| Stepping ~*~*~tactically~*~*~ (stealth).
 13780 | Lair:2   | 13780 ||| Stepping ~*~*~tactically~*~*~ (stealth).
 13781 | Lair:2   | 13781 ||| Stepping ~*~*~tactically~*~*~ (stealth).
 13782 | Lair:2   | 13782 ||| Stepping ~*~*~tactically~*~*~ (stealth).
 13783 | Lair:2   | 13783 ||| Stepping ~*~*~tactically~*~*~ (stealth).
 13785 | Lair:2   | 13785 ||| Stepping ~*~*~tactically~*~*~ (stealth).
 13786 | Lair:2   | 13786 ||| Stepping ~*~*~tactically~*~*~ (stealth).
 13790 | Lair:2   | 13790 ||| Stepping ~*~*~tactically~*~*~ (stealth).
 13792 | Lair:2   | Noticed a death yak
 13793 | Lair:2   | 13793 ||| Stepping ~*~*~tactically~*~*~ (stealth).
 13799 | Lair:2   | Noticed a death yak
 13803 | Lair:2   | 13803 ||| INVOKING Berserk.
 13803 | Lair:2   | Noticed a death yak
 13803 | Lair:2   | Noticed a death yak
 13803 | Lair:2   | Noticed a death yak
 13806 | Lair:2   | Noticed a death yak
 13811 | Lair:2   | Killed a death yak
 13821 | Lair:2   | Killed a death yak
 13831 | Lair:2   | Killed a death yak
 13837 | Lair:2   | Killed a death yak
 13838 | Lair:2   | Reached skill level 12 in Fighting
 13846 | Lair:2   | Killed a death yak
 13848 | Lair:2   | HP: 23/112 [death yak (8)]
 13849 | Lair:2   | 13849 ||| READING 2 scrolls of teleportation.
 13850 | Lair:2   | 13850 ||| DRINKING 2 potions of heal wounds.
 13966 | Lair:2   | 13966 ||| FLEEEEING.
 13967 | Lair:2   | 13967 ||| FLEEEEING.
 13968 | Lair:2   | 13968 ||| FLEEEEING.
 13969 | Lair:2   | 13969 ||| FLEEEEING.
 13970 | Lair:2   | 13970 ||| FLEEEEING.
 13971 | Lair:2   | 13971 ||| FLEEEEING.
 13973 | Lair:2   | 13973 ||| FLEEEEING.
 13974 | Lair:2   | 13974 ||| FLEEEEING.
 13975 | Lair:2   | 13975 ||| FLEEEEING.
 13976 | Lair:2   | 13976 ||| FLEEEEING.
 13977 | Lair:2   | 13977 ||| FLEEEEING.
 13978 | Lair:2   | 13978 ||| FLEEEEING.
 13979 | Lair:2   | 13979 ||| STAIRDANCE
 14128 | Lair:2   | 14128 ||| INVOKING Berserk.
 14131 | Lair:2   | Killed a death yak
 14142 | Lair:2   | 14142 ||| STAIRDANCE
 14353 | Lair:2   | 14353 ||| Stepping ~*~*~tactically~*~*~ (stealth).
 14354 | Lair:2   | 14354 ||| Stepping ~*~*~tactically~*~*~ (stealth).
 14385 | Lair:2   | 14385 ||| Stepping ~*~*~tactically~*~*~ (stealth).
 14392 | Lair:2   | Reached XP level 13. HP: 118/118 MP: 12/12
 14411 | Lair:2   | 14411 ||| FLEEEEING.
 14413 | Lair:2   | 14413 ||| FLEEEEING.
 14414 | Lair:2   | 14414 ||| FLEEEEING.
 14415 | Lair:2   | 14415 ||| FLEEEEING.
 14416 | Lair:2   | 14416 ||| FLEEEEING.
 14429 | Lair:2   | 14429 ||| Stepping ~*~*~tactically~*~*~ (stealth).
 14449 | Lair:2   | 14449 ||| FLEEEEING.
 14450 | Lair:2   | 14450 ||| FLEEEEING.
 14451 | Lair:2   | 14451 ||| FLEEEEING.
 14452 | Lair:2   | 14452 ||| FLEEEEING.
 14453 | Lair:2   | 14453 ||| FLEEEEING.
 14460 | Lair:2   | 14460 ||| Stepping ~*~*~tactically~*~*~ (stealth).
 14461 | Lair:2   | 14461 ||| Stepping ~*~*~tactically~*~*~ (stealth).
 14471 | Lair:2   | 14471 ||| FLEEEEING.
 14473 | Lair:2   | 14473 ||| FLEEEEING.
 14474 | Lair:2   | 14474 ||| FLEEEEING.
 14475 | Lair:2   | 14475 ||| FLEEEEING.
 14476 | Lair:2   | 14476 ||| FLEEEEING.
 14477 | Lair:2   | 14477 ||| FLEEEEING.
 14478 | Lair:2   | 14478 ||| FLEEEEING.
 14479 | Lair:2   | 14479 ||| FLEEEEING.
 14480 | Lair:2   | 14480 ||| FLEEEEING.
 14481 | Lair:2   | 14481 ||| STAIRDANCE
 14529 | Lair:1   | 14529 ||| UPGRADING to +6 ring of intelligence.
 14532 | Lair:2   | 14532 ||| STAIRDANCE
 14661 | Lair:2   | 14661 ||| Stepping ~*~*~tactically~*~*~ (stealth).
 14669 | Lair:2   | Identified the +10 mace of Fomeoj {freeze, Drain rF+ Dex+4}
 14807 | Lair:2   | Identified the ring of Lugonu's Envy {Will+ rCorr MP+9
                  | Int-4 Slay+5}
 14813 | Lair:2   | 14813 ||| INVOKING Berserk.
 14905 | Lair:2   | 14905 ||| Stepping ~*~*~tactically~*~*~ (stealth).
 14908 | Lair:2   | 14908 ||| INVOKING Berserk.
 15057 | Lair:2   | 15057 ||| Stepping ~*~*~tactically~*~*~ (hiding).
 15059 | Lair:2   | 15059 ||| INVOKING Berserk.
 15420 | Lair:2   | 15420 ||| Stepping ~*~*~tactically~*~*~ (hiding).
 15458 | Lair:2   | 15458 ||| Stepping ~*~*~tactically~*~*~ (stealth).
 15537 | Lair:2   | 15537 ||| DROPPING ring of magical power.
 15538 | Lair:2   | 15538 ||| UPGRADING to ring of Lugonu's Envy {Will+ rCorr
                  | MP+9 Int-4 Slay+5}.
 15593 | Lair:2   | 15593 ||| READING 2 scrolls labelled TUMOUC UPHOQ.
 15594 | Lair:2   | 15594 ||| DRINKING 2 fuming emerald potions.
 15695 | Lair:2   | 15695 ||| DROPPING scroll of summoning.
 15696 | Lair:2   | 15696 ||| DROPPING potion of ambrosia.
 15746 | Lair:3   | Noticed Gastronok
 15747 | Lair:3   | 15747 ||| Stepping ~*~*~tactically~*~*~ (hiding).
 15751 | Lair:3   | 15751 ||| Stepping ~*~*~tactically~*~*~ (hiding).
 15755 | Lair:3   | 15755 ||| INVOKING Berserk.
 15760 | Lair:3   | Killed Gastronok
 15921 | Lair:3   | Found a staircase to the Snake Pit.
 15961 | Lair:3   | 15961 ||| READING scroll of brand weapon.
 15961 | Lair:3   | 15961 ||| BRANDING +2 war axe of electrocution.
 15962 | Lair:3   | 15962 ||| DROPPING +0 morningstar.
 15963 | Lair:3   | 15963 ||| DROPPING +10 mace of Fomeoj {freeze, Drain rF+
                  | Dex+4}.
 15998 | Lair:3   | 15998 ||| INVOKING Berserk.
 16009 | Lair:3   | HP: 29/119 [poisoned by a guardian serpent (bolt of
                  | poison)]
 16010 | Lair:3   | 16010 ||| READING scroll of teleportation.
 16011 | Lair:3   | 16011 ||| DRINKING 2 potions of heal wounds.
 16283 | Lair:3   | 16283 ||| INVOKING Berserk.
 16444 | Lair:3   | 16444 ||| FLEEEEING.
 16445 | Lair:3   | 16445 ||| FLEEEEING.
 16446 | Lair:3   | 16446 ||| FLEEEEING.
 16447 | Lair:3   | 16447 ||| FLEEEEING.
 16448 | Lair:3   | 16448 ||| FLEEEEING.
 16449 | Lair:3   | 16449 ||| FLEEEEING.
 16452 | Lair:3   | 16452 ||| INVOKING Berserk.
 16752 | Lair:3   | 16752 ||| INVOKING Berserk.
 16886 | Lair:3   | 16886 ||| FLEEEEING.
 17240 | Lair:3   | 17240 ||| INVOKING Berserk.
 17496 | Lair:3   | 17496 ||| Stepping ~*~*~tactically~*~*~ (stealth).
 17501 | Lair:3   | Reached skill level 12 in Armour
 17740 | Lair:3   | 17740 ||| READING 6 scrolls of identify.
 17740 | Lair:3   | 17740 ||| IDENTIFYING fuming coppery potion
 17741 | Lair:3   | 17741 ||| READING 5 scrolls of identify.
 17741 | Lair:3   | 17741 ||| IDENTIFYING red potion
 17742 | Lair:3   | 17742 ||| DROPPING potion of lignification.
 17743 | Lair:3   | 17743 ||| DROPPING potion of magic.
 17785 | Lair:4   | 17785 ||| STAIRDANCE
 17833 | Lair:4   | 17833 ||| STAIRDANCE
 17897 | Lair:4   | Reached skill level 6 in Throwing
 17965 | Lair:4   | 17965 ||| Stepping ~*~*~tactically~*~*~ (stealth).
 18104 | Lair:4   | 18104 ||| INVOKING Berserk.
 18145 | Lair:4   | 18145 ||| FLEEEEING.
 18146 | Lair:4   | 18146 ||| FLEEEEING.
 18170 | Lair:4   | 18170 ||| Stepping ~*~*~tactically~*~*~ (stealth).
 18171 | Lair:4   | 18171 ||| Stepping ~*~*~tactically~*~*~ (stealth).
 18172 | Lair:4   | 18172 ||| Stepping ~*~*~tactically~*~*~ (stealth).
 18173 | Lair:4   | 18173 ||| Stepping ~*~*~tactically~*~*~ (stealth).
 18175 | Lair:4   | 18175 ||| INVOKING Berserk.
 18202 | Lair:4   | 18202 ||| Stepping ~*~*~tactically~*~*~ (stealth).
 18206 | Lair:4   | 18206 ||| Stepping ~*~*~tactically~*~*~ (stealth).
 18207 | Lair:4   | 18207 ||| INVOKING Brothers in Arms.
 18334 | Lair:4   | Identified the +1 broad axe "Mokhlaipn" {speed, Will++
                  | MP+9}
 18335 | Lair:4   | 18335 ||| Stepping ~*~*~tactically~*~*~ (cloud).
 18341 | Lair:4   | 18341 ||| Stepping ~*~*~tactically~*~*~ (stealth).
 18344 | Lair:4   | 18344 ||| Stepping ~*~*~tactically~*~*~ (cloud).
 18347 | Lair:4   | 18347 ||| Stepping ~*~*~tactically~*~*~ (stealth).
 18348 | Lair:4   | 18348 ||| INVOKING Brothers in Arms.
 18349 | Lair:4   | 18349 ||| Stepping ~*~*~tactically~*~*~ (cloud).
 18350 | Lair:4   | 18350 ||| Stepping ~*~*~tactically~*~*~ (cloud).
 18353 | Lair:4   | 18353 ||| Stepping ~*~*~tactically~*~*~ (cloud).
 18354 | Lair:4   | 18354 ||| INVOKING Berserk.
 18507 | Lair:4   | 18507 ||| Stepping ~*~*~tactically~*~*~ (hiding).
 18805 | Lair:4   | 18805 ||| SWAPPING to +1 broad axe "Mokhlaipn" {speed,
                  | Will++ MP+9}.
 18979 | Lair:4   | 18979 ||| INVOKING Berserk.
 19200 | Lair:4   | 19200 ||| UPGRADING to +1 hat.
 19219 | Lair:5   | Entered Level 5 of the Lair of Beasts
 19293 | Lair:5   | 19293 ||| Stepping ~*~*~tactically~*~*~ (stealth).
 19304 | Lair:5   | 19304 ||| Stepping ~*~*~tactically~*~*~ (stealth).
 19307 | Lair:5   | 19307 ||| Stepping ~*~*~tactically~*~*~ (stealth).
 19330 | Lair:5   | Identified the +11 mace of Due Proportion {drain, rC- rN++
                  | Str+2 SInv}
 19462 | Lair:5   | Reached XP level 14. HP: 129/132 MP: 13/13
 19511 | Lair:5   | 19511 ||| Stepping ~*~*~tactically~*~*~ (stealth).
 19512 | Lair:5   | 19512 ||| Stepping ~*~*~tactically~*~*~ (stealth).
 19519 | Lair:5   | 19519 ||| INVOKING Berserk.
 19521 | Lair:5   | Reached skill level 17 in Axes
 19525 | Lair:5   | 19525 ||| INVOKING Brothers in Arms.
 19526 | Lair:5   | 19526 ||| SWAPPING to +2 war axe of flaming.
 19528 | Lair:5   | 19528 ||| SWAPPING to +1 broad axe "Mokhlaipn" {speed,
                  | Will++ MP+9}.
 19547 | Lair:5   | HP: 32/132 [molten gargoyle/+2 mace of draining (7)]
 19547 | Lair:5   | HP: 10/129 [snapping turtle (17)]
 19548 | Lair:5   | 19548 ||| DRINKING 2 potions of heal wounds.
 19548 | Lair:5   | HP: 1/125 [molten gargoyle/+2 mace of draining (10)]
 19548 | Lair:5   | Mangled by a molten gargoyle

Levels and vault maps discovered:
D:1:      lightli_arrival_noodles, layout_loops_ring, minmay_strange_pillars
D:2:      layout_loops_ring, ebering_ecumenical_altar_abandoned,
          corexii_leaking_fountain, uniq_crazy_yiuf_cottage
D:3:      layout_basic
D:4:      layout_basic, minmay_temple_entry_proselytizer, uniq_edmund
D:5:      gammafunk_wand_slinger, layout_loops_cross
D:6:      nicolae_cairo_tiling_large_dashed, layout_gridville,
          mainiacjoe_overflow_small_starburst, marbit_many_paths,
          grunt_ministairs_10
D:7:      layout_basic, mainiacjoe_overflow_brackets, uniq_duvessa
D:8:      layout_cave_pools, slow_altar_1
D:9:      layout_layer_cave, orc_0_dummy, eino_jars
D:10:     layout_cave_pools, special_room [special_room_orc], uniq_urug,
          uniq_joseph, uniq_nergalle
D:11:     layout_gridville, dpeg_lair_monsters, ebering_ghost_gozag
Lair:1:   layout_cave_pods, lemuel_fruit_tree, infiniplex_staircase_pool_2,
          serial_bayou_shore_a, grunt_megastairs_2
Lair:2:   regret_index_bee_streams, layout_chaotic_city,
          minmay_swamp_entry_wisps, minivault_19, infiniplex_staircase_pool
Lair:3:   pond_and_an_island_with_a_cottage, layout_gridlike,
          minmay_snake_entry_spellcaster, uniq_gastronok
Lair:4:   layout_concentric_octagons, chequers_serial_rivers_micro_e
Lair:5:   gammafunk_lair_ancient_temple, layout_gridlike,
          minmay_slime_entry_jelly_boxes

Skill      XL: |  1  2  3  4  5  6  7  8  9 10 11 12 13 14 |
---------------+-------------------------------------------+-----
Axes           | 4 5 6 7 8 10 12 13 14 16 17 | 17.0
Fighting       | 4 5 6 8 10 12 14 | 14.1
Throwing       | 2 3 5 6 |  6.0
Armour         | 4 5 7 8 10 12 | 12.0
Shields        | 10 12 13 | 13.9
Dodging        | 3 4 5 |  5.2

Action                   |  1- 3 |  4- 6 |  7- 9 | 10-12 | 13-15 || total
-------------------------+-------+-------+-------+-------+-------++-------
Melee: Hand axe          |    94 |     7 |       |       |       ||   101
       Headbutt          |     7 |     6 |    33 |    70 |    50 ||   166
       Punch             |     1 |       |     1 |       |       ||     2
       War axe           |       |    41 |   220 |   385 |   244 ||   890
       Morningstar       |       |       |       |     8 |       ||     8
       Broad axe         |       |       |       |       |    52 ||    52
Throw: Boomerang         |       |     4 |    43 |    10 |    26 ||    83
       Javelin           |       |       |     6 |    64 |    63 ||   133
Invok: Berserk           |     1 |     2 |     8 |    20 |    14 ||    45
       Brothers in Arms  |       |       |       |     4 |     3 ||     7
  Use: Scroll            |     3 |     6 |    10 |     9 |     5 ||    33
       Potion            |     2 |       |     2 |     2 |     3 ||     9
 Stab: Sleeping          |     1 |       |       |       |       ||     1
       Distracted        |       |       |     1 |       |       ||     1
       Petrified         |       |       |       |       |     5 ||     5
       Petrifying        |       |       |       |       |     1 ||     1
Armor: Animal skin       |     9 |       |       |       |       ||     9
       Robe              |     6 |     6 |       |       |       ||    12
       Chain mail        |       |       |    61 |       |       ||    61
       Plate armour      |       |       |    73 |   180 |   140 ||   393
Dodge: Dodged            |    64 |    22 |    71 |    98 |    49 ||   304
Block: Kite shield       |       |       |       |   164 |   114 ||   278

Table legend:
 A = Non-vault XP
 B = Vault XP
 C = Vault XP percentage of total XP
 D = Non-vault monster count
 E = Vault monster count
 F = Vault count percentage of total count
                 A         B        C        D         E       F
            +---------+---------+-------+---------+---------+-------
      Total |   49181 |   18625 |  27.5 |     353 |     114 |  24.4
            +---------+---------+-------+---------+---------+-------
        D:1 |      17 |       0 |   0.0 |      11 |       0 |   0.0
        D:2 |      46 |       0 |   0.0 |      19 |       0 |   0.0
        D:3 |      43 |       0 |   0.0 |      12 |       0 |   0.0
        D:4 |     490 |     207 |  29.7 |      29 |       2 |   6.5
        D:5 |     574 |      43 |   7.0 |       6 |       3 |  33.3
        D:6 |     943 |       6 |   0.6 |      25 |       2 |   7.4
        D:7 |    1960 |     211 |   9.7 |      28 |       2 |   6.7
        D:8 |    1060 |       5 |   0.5 |      22 |       1 |   4.3
        D:9 |    1335 |     436 |  24.6 |      34 |       7 |  17.1
       D:10 |    2153 |    2420 |  52.9 |      27 |      23 |  46.0
       D:11 |    6068 |    3255 |  34.9 |      17 |       7 |  29.2
     Lair:1 |    6446 |     645 |   9.1 |      19 |       2 |   9.5
     Lair:2 |    7707 |    6224 |  44.7 |      15 |      48 |  76.2
     Lair:3 |    6717 |    2941 |  30.5 |      39 |       7 |  15.2
     Lair:4 |   10048 |       0 |   0.0 |      36 |       0 |   0.0
     Lair:5 |    3574 |    2232 |  38.4 |      14 |      10 |  41.7
            +---------+---------+-------+---------+---------+-------
